 Dungeon Crawl Stone Soup version 0.27-a0-797-g27d10ad80f (webtiles) character file.

Game seed: 8559246808787140672

4653 inqbanana the Cruncher (level 10, -4/98 HPs)
             Began as a Naga Gladiator on Mar 27, 2021.
             Was an Initiate of Wu Jian.
             Killed by divine providence
             ... invoked by an orc priest
              (7 damage)
             ... on level 8 of the Dungeon.
             The game lasted 00:14:11 (8285 turns).

inqbanana the Cruncher (Naga Gladiator)             Turns: 8285, Time: 00:14:12

Health: -4/98      AC:  9    Str: 18    XL:     10   Next: 43%
Magic:  10/10      EV: 11    Int:  6    God:    Wu Jian [......]
Gold:   434        SH:  0    Dex: 15    Spells: 9/9 levels left

rFire    . . .     SeeInvis +   p - +3 quarterstaff (elec)
rCold    . . .     Faith    .   (shield currently unavailable)
rNeg     . . .     Spirit   .   b - +1 leather armour
rPois    +         Reflect  .   j - +2 hat
rElec    .         Harm     .   (no cloak)
rCorr    .         Rampage  .   (no gloves)
Will     +....                  (no barding)
Stlth    ++++......             (no amulet)
HPRegen  0.26/turn              k - +4 ring of slaying
MPRegen  0.12/turn              (no ring)

@: mighty, very slow
A: AC +3, large, see invisible, deformed body, poison resistance, slowness 2,
spit poison 1, naga tail 1, dopey 1, shaggy fur 1
a: Spit Poison, Renounce Religion


You were on level 8 of the Dungeon.
You worshipped Wu Jian.
Wu Jian was noncommittal.
You visited 2 branches of the dungeon, and saw 9 of its levels.

You collected 434 gold pieces.

Inventory:

Hand Weapons
 a - a +1 quarterstaff
 p - a +3 quarterstaff of electrocution (weapon)
Missiles
 d - 4 throwing nets
 h - 5 javelins
 n - 11 boomerangs (quivered)
Armour
 b - a +1 leather armour (worn)
 c - a +0 helmet
 e - a scarf of invisibility
 j - a +2 hat (worn)
 s - a +0 tower shield
Jewellery
 k - a +4 ring of slaying (left hand)
Wands
 q - a wand of paralysis (7)
 u - a wand of random effects (22)
 x - a wand of acid (4)
Scrolls
 f - 3 scrolls of noise
 g - 2 scrolls of fear
 i - 2 scrolls of vulnerability
 m - 9 scrolls of identify
 o - 3 scrolls of enchant armour
 r - a scroll of enchant weapon
 w - a scroll of teleportation
Potions
 t - a potion of might
 v - a potion of resistance


   Skills:
 + Level 8.4 Fighting
 + Level 11.2 Staves
 - Level 1.7 Throwing
 * Level 4.6 Armour
 * Level 5.3 Dodging
 * Level 8.7 Stealth


You had 9 spell levels left.
You didn't know any spells.
Your spell library contained the following spells:

 Spells                   Type           Power      Damage    Failure   Level
 Animate Skeleton         Necr           0%         N/A       52%         1
 Pain                     Necr           0%         1d4       52%         1
 Vampiric Draining        Necr           0%         2d6       87%         3
 Animate Dead             Necr           0%         N/A       99%         4
 Agony                    Necr           0%         N/A       100%        5


Dungeon Overview and Level Annotations

Branches:
Dungeon (8/15)             Temple (1/1) D:7
   Lair: D:8-11

Altars:
Ashenzari
Cheibriados
Elyvilon
Fedhas
Hepliaklqana
Kikubaaqudgha
Makhleb
Okawaru
Qazlal
Ru
Sif Muna
Trog
Uskayaw
Vehumet
Wu Jian
Xom
Yredelemnul
Zin
The Shining One


Innate Abilities, Weirdness & Mutations

Your serpentine skin is tough. (AC +3)
You have supernaturally acute eyesight. (SInv)
Armour fits poorly on your strangely shaped body.
Your system is resistant to poisons. (rPois)
You cover ground very slowly.
You can spit poison.
You have a snake-like lower body.
You are dopey. (Int -2)
You are covered in fur. (AC +1)


Message History

The orc priest calls down the wrath of Beogh upon you.
Beogh smites you!
You barely miss the yak.
The yak is moderately wounded.
The orc warrior barely misses you. The yak gores you!
* * * LOW HITPOINT WARNING * * *
Unknown command.
You sock the yak!
The yak is heavily wounded.
The yak gores you!
* * * LOW HITPOINT WARNING * * *
Unknown command.
You sock the yak! Lightning courses through the yak!
You kill the yak!
The Council accepts your kill. The orc warrior closely misses you.
The yak barely misses you. The orc priest barely misses you.
You bludgeon the orc warrior!!
The orc warrior is severely wounded.
The orc warrior hits you with a +0 flail!
* * * LOW HITPOINT WARNING * * *
You feel much better. The yak gores you. The orc warrior barely misses you.
You barely miss the yak. The yak gores you but does no damage.
You sock the yak!
The yak is moderately wounded.
The orc warrior hits you with a +0 flail!
* * * LOW HITPOINT WARNING * * *
You thump the yak!
The yak is heavily wounded.
The yak gores you!
* * * LOW HITPOINT WARNING * * *
The orc warrior closely misses you.
You barely miss the yak.
The yak is heavily wounded.
The yak gores you.
* * * LOW HITPOINT WARNING * * *
The orc warrior barely misses you.
The orc priest invokes the aid of Beogh against you.
Beogh smites you!
You die...

##..........#
#............ ...#
#.....[...... #.>#
#..........
..####.......
#....##...)# #.#..#
#.##.####o#
........###.##..##.†#
##..# #.........@Y..#
##..# ####...###o#.#
#...# ##....[.....#.#
#..# ##..###.####.#.#
#..###..## #.# #.(.#
..##...## #.# #.###
.......## #.# ...
.#..##..# #.# ...
...†....# #.#


You could see a yak, an orc warrior and an orc priest.

Vanquished Creatures
  A wizard (D:7)
  An orc sorcerer (D:7)
  A komodo dragon (D:7)
  The ghost of Drazool the Skirmisher, an amateur GrCK of Xom (D:5)
  5 yaks (D:8)
  A steam dragon (D:6)
  A water moccasin (D:7)
  2 black bears
  2 sky beasts
  An ice beast (D:7)
  An ogre (D:5)
  4 centaurs
  A kobold brigand (D:8)
  A phantom (D:5)
  A bullfrog (D:6)
  A water moccasin zombie (D:5)
  2 wyvern skeletons
  3 scorpions (D:5)
  6 killer bees (D:8)
  A centaur zombie (D:7)
  3 orc priests
  Crazy Yiuf (D:4)
  3 hounds
  5 orc wizards
  A killer bee zombie (D:7)
  A howler monkey zombie (D:6)
  3 gnolls (D:6)
  6 adders
  2 white imps (D:7)
  An adder zombie (D:5)
  An adder skeleton (D:4)
  A worm (D:2)
  24 orcs
  8 endoplasms
  3 giant cockroaches
  6 goblins
  6 hobgoblins
  7 jackals
  4 quokkas
  2 ball pythons
  5 bats
  2 frilled lizards (D:3)
  9 kobolds
  5 rats
146 creatures vanquished.

Vanquished Creatures (collateral kills)
  A centaur skeleton (D:6)
1 creature vanquished.

Vanquished Creatures (others)
  An orc warrior (D:7)
1 creature vanquished.

Grand Total: 148 creatures vanquished

Notes
Turn   | Place    | Note
-------+----------+-------------------------------------------
     0 | D:1      | inqbanana the Naga Gladiator began the quest for the Orb.
     0 | D:1      | Reached XP level 1. HP: 19/19 MP: 1/1
   558 | D:1      | Reached XP level 2. HP: 14/26 MP: 2/2
   717 | D:1      | Reached skill level 1 in Stealth
  1422 | D:2      | Reached XP level 3. HP: 17/32 MP: 3/3
  1692 | D:2      | Found a hide-covered altar of Uskayaw.
  1818 | D:2      | Gained mutation: You are dopey. (Int -2) [potion of
                  | mutation]
  1818 | D:2      | Gained mutation: You are covered in fur. (AC +1) [potion of
                  | mutation]
  2391 | D:3      | Reached skill level 1 in Armour
  2391 | D:3      | Reached XP level 4. HP: 40/40 MP: 4/4
  3144 | D:4      | Reached skill level 4 in Staves
  3154 | D:4      | Reached XP level 5. HP: 8/48 MP: 5/5
  3452 | D:4      | Reached skill level 10 in Staves
  3452 | D:4      | Reached XP level 6. HP: 65/66 MP: 6/6
  3874 | D:4      | Noticed a black bear
  3880 | D:4      | Killed a black bear
  4062 | D:4      | Reached XP level 7. HP: 56/72 MP: 7/7
  4462 | D:4      | Found a runed translucent door.
  4463 | D:4      | Noticed Crazy Yiuf
  4748 | D:4      | Killed Crazy Yiuf
  4875 | D:5      | Entered Level 5 of the Dungeon
  4900 | D:5      | Found a runed translucent door.
  4916 | D:5      | Noticed Drazool's ghost (amateur GrCK)
  5025 | D:5      | Found a radiant altar of Vehumet.
  5095 | D:5      | Found a burning altar of Makhleb.
  5218 | D:5      | Reached XP level 8. HP: 81/81 MP: 8/8
  5252 | D:5      | Killed Drazool's ghost
  5597 | D:6      | Reached skill level 5 in Stealth
  6261 | D:6      | Reached XP level 9. HP: 88/88 MP: 9/9
  6396 | D:7      | Noticed a komodo dragon
  6412 | D:7      | Killed a komodo dragon
  6984 | D:7      | Noticed a wizard
  6987 | D:7      | Noticed an orc sorcerer
  7031 | D:7      | Killed an orc sorcerer
  7049 | D:7      | Reached skill level 11 in Staves
  7054 | D:7      | Killed a wizard
  7344 | D:7      | Found a staircase to the Ecumenical Temple.
  7358 | Temple   | Entered the Ecumenical Temple
  7397 | Temple   | Became a worshipper of the Wu Jian Council
  7653 | D:7      | Reached XP level 10. HP: 96/96 MP: 10/10
  8124 | D:8      | Reached skill level 5 in Dodging
  8283 | D:8      | HP: 2/98 [yak (5)]
  8285 | D:8      | Killed from afar by an orc priest

Illustrated notes

Levels and vault maps discovered:
D:1:      dpeg_arrival_water_temple_mockup, layout_basic
D:2:      layout_basic, overflow_temple_1_default, minmay_close_crescents
D:3:      layout_basic
D:4:      black_bear_nest_1, layout_layer_cave, uniq_crazy_yiuf_cottage
D:5:      layout_rooms, makhleb_heckhound_becter, lemuel_doored_altar,
          ebering_ghost_reflecting_pool
D:6:      nicolae_whirlpool, layout_rooms
D:7:      cheibrodos_wizards_tower, layout_rooms, minmay_temple_entry_overgrown
D:8:      layout_rooms, basic_altar, serial_shops, kennysheep_mini_moat,
          hangedman_abyss_or_decor_stabs, minmay_shattered_shrine, uniq_grum
Temple:   regret_index_temple_sphere_string

Skill      XL: |  1  2  3  4  5  6  7  8  9 10 |
---------------+-------------------------------+-----
Stealth        | 1 2 3 4 5 7 8 |  8.7
Armour         | 1 2 3 4 |  4.6
Staves         | 4 10 11 | 11.2
Dodging        | 3 4 5 |  5.3
Fighting       | 7 8 |  8.4
Throwing       | |  1.7

Action                   |  1- 3 |  4- 6 |  7- 9 | 10-12 || total
-------------------------+-------+-------+-------+-------++-------
Melee: Quarterstaff      |    97 |    81 |   150 |    55 ||   383
Throw: Boomerang         |     4 |    23 |    12 |       ||    39
Invok: Lunge             |       |       |       |     4 ||     4
 Abil: Spit Poison       |     7 |     8 |     6 |     1 ||    22
  Use: Potion            |     7 |     2 |     2 |     3 ||    14
       Scroll            |     2 |     3 |     6 |       ||    11
 Stab: Sleeping          |     5 |     3 |     5 |     1 ||    14
       Distracted        |       |       |       |     1 ||     1
Armor: Leather armour    |    43 |    19 |    80 |    22 ||   164
Dodge: Dodged            |    47 |    36 |    83 |    44 ||   210

Table legend: (Time is in decaauts)
 A = Elapsed time spent in this place.
 B = Non-inter-level travel time spent in this place.
 C = Inter-level travel time spent in this place.
 D = Time resting spent in this place.
 E = Time spent auto-exploring this place.
 F = Levels seen in this place.
 G = Mean time per level.
                   A        B        C        D        E       F      G
               +--------+--------+--------+--------+--------+-----+--------+
         Total |  10041 |   9766 |    275 |   2249 |   5852 |   9 | 1115.7 |
       Dungeon |   9746 |   9514 |    232 |   2249 |   5655 |   8 | 1218.2 |
        Temple |    295 |    252 |     43 |      0 |    197 |   1 |  295.0 |
               +--------+--------+--------+--------+--------+-----+--------+

Top non-repeatable levels by time:
     D:4: 2240 daAuts
     D:7: 1719 daAuts
     D:1: 1659 daAuts
     D:2: 1153 daAuts
     D:6: 1021 daAuts
     D:3: 963 daAuts
     D:5: 787 daAuts
  Temple: 295 daAuts
     D:8: 201 daAuts
